 Dungeon Crawl Stone Soup version 0.17-a0-1621-gfc7a675 (console) character file.

53 Monkaria the Ducker (level 3, -2/17 HPs)
             Began as a Felid Berserker on Aug 1, 2015.
             Was a Believer of Trog.
             Slain by an adder (5 damage)
             ... on level 3 of the Dungeon.
             The game lasted 00:01:47 (1655 turns).

Monkaria the Ducker (Felid Berserker)               Turns: 1655, Time: 00:01:47

Health: -2/17      AC:  1    Str: 14    XL:     3   Next: 62%
Magic:  4/4        EV: 21    Int:  8    God:    Trog [**....]
Gold:   137        SH:  0    Dex: 15    Spells: 0 memorised, 2 levels left
                                        Lives:  0   Deaths: 0

rFire  . . .     SeeInvis +       - Unarmed
rCold  . . .     Clarity  .     (armour unavailable)
rNeg   . . .     SustAt   .     (shield unavailable)
rPois  .         Gourm    .     (helmet unavailable)
rElec  .         Spirit   .     (cloak unavailable)
rCorr  .         Warding  .     (gloves unavailable)
rMut   .         Stasis   .     (boots unavailable)
MR     ++...                    (no amulet)
Stlth  ++........               (no ring)
                                j - ring of flight

@: lethally poisoned (-2 -> -3), regenerating, quick, very resistant to hostile
enchantments, unstealthy
A: no armour, no weapons or thrown items, claws 1, fangs 3, see invisible,
carnivore 3, speed 1, shaggy fur 1, slow metabolism 1, sharp paws
a: Burn Spellbooks, Berserk, Trog's Hand, Renounce Religion, Evoke Flight


You were on level 3 of the Dungeon.
You worshipped Trog.
Trog was pleased with you.
You were completely stuffed.

You visited 1 branch of the dungeon, and saw 3 of its levels.

You collected 137 gold pieces.

Inventory:

Jewellery
 j - a ring of flight (left paw)
Scrolls
 b - a scroll of magic mapping {unknown}
 c - 2 scrolls of teleportation {unknown}
 d - a scroll of random uselessness {unknown}
 e - a scroll of identify {unknown}
 f - a scroll of blinking {unknown}
 g - a scroll of remove curse {unknown}
Potions
 h - 2 potions of heal wounds {unknown}
 i - 2 potions of brilliance {unknown}
Comestibles
 a - a meat ration


   Skills:
 - Level 3.0 Fighting
 + Level 6.2 Dodging
 - Level 3.0 Unarmed Combat


You had 2 spell levels left.
You didn't know any spells.

Dungeon Overview and Level Annotations

Branches:
Dungeon (3/15)

Altars:


Innate Abilities, Weirdness & Mutations

You cannot wear armour.
You are incapable of wielding weapons or throwing items.
You have sharp claws.
You have razor-sharp teeth.
You have supernaturally acute eyesight.
You are carnivorous and can eat meat at any time.
You cover ground quickly.
You are covered in fur (AC +1).
You have a slow metabolism.
Your sharp claws are effective at attacking unaware monsters.


Message History

You are too injured to fight recklessly!
You barely miss the adder.
The adder is moderately wounded.
* * * LOW HITPOINT WARNING * * *
You feel sick. The adder misses you.
Unknown command.
Use which ability? (? or * to list)
Your skin crawls.
You feel resistant to hostile enchantments.
You feel slightly less full. The adder closely misses you.
Unknown command.
You closely miss the adder. You bite the adder.
The adder is heavily wounded.
You feel sick. The adder misses you.
You closely miss the adder.
The adder is heavily wounded.
The adder bites you.
* * * LOW HITPOINT WARNING * * *
The adder bites you.
You die...

.##.. #.# ..#.# #.#
#.#.# #.# #.#.#
##.###.## #.#.#
#†.......
##.#.###### #.†#
#.........####..#
#..#.#..........#
###..#.#.##.####@##
.##......##.# #S#
......#.....# #.#
###......##.# #.#
#......##.## #.#
............# #..
############## ###


You could see an adder.

Vanquished Creatures
  An ooze (D:2)
  A worm (D:2)
  A giant gecko (D:1)
  2 giant cockroaches
  4 hobgoblins
  7 bats
  3 giant newts
  7 goblins
  8 jackals
  4 kobolds
  6 rats
44 creatures vanquished.

Notes
Turn   | Place    | Note
--------------------------------------------------------------
     0 | D:1      | Monkaria the Felid Berserker began the quest for the Orb.
     0 | D:1      | Reached XP level 1. HP: 10/10 MP: 2/2
   337 | D:1      | Reached XP level 2. HP: 12/14 MP: 3/3
   489 | D:1      | Reached skill level 5 in Dodging
   950 | D:2      | Reached XP level 3. HP: 17/17 MP: 4/4
   953 | D:2      | Acquired Trog's second power
  1270 | D:2      | Reached skill level 6 in Dodging
  1655 | D:3      | Slain by an adder

Vault maps used:
D:1:      dpeg_arrival_arbitrary_c, minmay_misc_feat_pillars
D:3:      kennysheep_six_static_rooms

Action                   || total
-------------------------++-------
Melee: Unarmed           ||   119
Invok: Berserk           ||     1
       Trog's Hand       ||     1
 Stab: Sleeping          ||     3
       Distracted        ||     1
  Eat: Chunk             ||    10
